 Dungeon Sprint DCSS version 0.30-a0-371-gad7725a93e (webtiles) character file.

Game seed: 14613526448960708259

135 mhtbhm the Covered (level 5, -10/37 HPs)
             Began as a Gargoyle Fighter on Nov 21, 2022.
             Mangled by a sun demon (16 damage)
             ... summoned by a kobold demonologist
             ... in the Dungeon (Sprint III: "The Ten Rune Challenge").
             The game lasted 00:00:45 (413 turns).

mhtbhm the Covered (Gargoyle Fighter)                Turns: 413, Time: 00:00:45

Health: -10/37     AC: 13    Str: 21    XL:     5   Next: 18%
Magic:  5/5        EV:  9    Int:  9    God:
Gold:   34         SH:  5    Dex:  9    Spells: 4/4 levels left

rFire   . . .      SeeInvis .    a - +0 flail
rCold   . . .      Faith    .    c - +0 buckler
rNeg    + . .      Spirit   .    b - +0 scale mail
rPois   ∞          Reflect  .    (no helmet)
rElec   +          Harm     .    f - +0 cloak {Stlth+}
rCorr   .          Rampage  .    (no gloves)
Will    .....      NoTele   +    (no boots)
Stlth   +.........               (no amulet)
HPRegen 0.26/turn                (no ring)
MPRegen 0.09/turn                (no ring)

@: no status effects
A: sickness immunity, AC +4, negative energy resistance 1, electricity
resistance, torment resistance 1, petrification resistance
a: no special abilities


You were in the Dungeon.
You visited 1 branch You collected 34 gold pieces.

Inventory:

Hand Weapons
 a - a +0 flail (weapon)
Armour
 b - a +0 scale mail (worn)
 c - a +0 buckler (worn)
 f - a +0 cloak of stealth (worn)
Scrolls
 i - 2 scrolls of torment {unknown}
 j - a scroll of blinking
 k - a scroll of immolation {unknown}
 l - a scroll of amnesia {unknown}
 n - a scroll of identify {unknown}
Potions
 d - a potion of might
 g - a potion of haste
 h - 2 potions of magic
 m - 3 potions of flight
 o - a potion of brilliance {unknown}
 p - 5 potions of mutation


   Skills:
 + Level 6.5 Fighting
 + Level 4.5 Maces & Flails
 + Level 6.9 Armour
 + Level 6.1 Shields


You had 4 spell levels left.
You didn't know any spells.
Your spell library was empty.

Dungeon Overview and Level Annotations

Branches:
Dungeon (1/1)

Altars:
Kikubaaqudgha
Sif Muna
Vehumet


Innate Abilities, Weirdness & Mutations

You are immune to sickness and miasma.
Your stone body is resilient. (AC +4)
You are immune to poison.
You resist negative energy. (rN+)
You are resistant to electric shocks. (rElec)
You are resistant to unholy torment.
You are immune to petrification.


Message History

You open the door.
A wizard comes into view. It is wielding a +0 dagger.
The wizard gestures wildly while chanting.
The wizard blinks!
Found a book of Displacement.
Found three altars.
The wizard barely misses you.
A kobold demonologist comes into view. It is wielding a +0 dagger.
You closely miss the wizard.
The kobold demonologist shouts!
The wizard hits you with a +0 dagger.
You barely miss the wizard. You block the wizard's attack.
You thump the wizard!
The wizard is almost dead.
The kobold demonologist mumbles some strange words.
The wizard casts a spell at you. You resist with some effort.
You closely miss the wizard.
The wizard is almost dead.
The kobold demonologist hits you but does no damage.
You block the wizard's attack.
You closely miss the wizard.
The wizard is almost dead.
You block the kobold demonologist's attack.
The wizard completely misses you. The sun demon hits you!!
Ouch! That really hurt!
You are engulfed in flames!
* * * LOW HITPOINT WARNING * * *
The wizard hits you but does no damage.
The kobold demonologist hits you but does no damage.
You feel better. The sun demon barely misses you.
The kobold demonologist hits you with a +0 dagger.
* * * LOW HITPOINT WARNING * * *
The sun demon closely misses you.
The wizard points at you and mumbles some strange words.
You hit the wizard.
You kill the wizard!
The sun demon hits you.
* * * LOW HITPOINT WARNING * * *
You are engulfed in flames!
You die...

▓▓▓▓▓▓ ▓▓▓ .#...####
##.# .#......#####..#
##...†...#..#..#
.##.##...#..#..###+#+###
.##.###..##'#..#........
####.##..###...'.⌠......
##..##.)####...#)..#####
....##.†###....#@⌠.#
#..##...##.....#K3.#
..##....#..)...#'###
.###..##.#.....#.: .#
#.. ####....#___ ▓▓ ▓▓▓
▓▓▓▓▓▓▓▓▓▓


You could see a sun demon (summoned) and a kobold demonologist.

Vanquished Creatures
  A water elemental (D)
  Crazy Yiuf (D)
  A wizard (D)
  Jessica (D)
  A human (D)
  2 endoplasms (D)
  A rat (D)
8 creatures vanquished.

Notes
Turn   | Place    | Note
-------+----------+-------------------------------------------
     0 | D        | mhtbhm the Gargoyle Fighter began the quest for the Orb.
     0 | D        | Reached XP level 1. HP: 14/14 MP: 1/1
    39 | D        | Noticed Jessica
    49 | D        | Killed Jessica
    50 | D        | Reached XP level 2. HP: 14/20 MP: 2/2
    50 | D        | Reached XP level 3. HP: 18/25 MP: 3/3
   105 | D        | Reached skill level 5 in Fighting
   105 | D        | Reached skill level 5 in Armour
   105 | D        | Reached skill level 5 in Shields
   144 | D        | Noticed Crazy Yiuf
   150 | D        | HP: 1/39 [Crazy Yiuf/+4 quarterstaff of chaos (3)]
   151 | D        | Killed Crazy Yiuf
   152 | D        | Reached XP level 4. HP: 1/32 MP: 4/4
   297 | D        | Noticed a water elemental
   306 | D        | Killed a water elemental
   307 | D        | Reached XP level 5. HP: 12/37 MP: 5/5
   405 | D        | Found a radiant altar of Vehumet.
   405 | D        | Found a shimmering blue altar of Sif Muna.
   405 | D        | Found an ancient bone altar of Kikubaaqudgha.
   410 | D        | Noticed a sun demon
   411 | D        | HP: 1/37 [sun demon[a kobold demonologist] (16)]
   413 | D        | Mangled by a sun demon

Illustrated notes

Levels and vault maps discovered:
D:        dungeon_sprint_mu [sprint_mu_entry_cave, sprint_mu_temple_rooms,
          sprint_mu_d1_spiders, sprint_mu_d2_genie, sprint_mu_d3_branching,
          sprint_mu_orc_legion, sprint_mu_elf_gauntlet, sprint_mu_hive_nellie,
          sprint_mu_lair_fedhas, sprint_mu_vaults_butterflies,
          sprint_mu_slime_circle, sprint_mu_swamp_cave, sprint_mu_shoals_kraken,
          sprint_mu_blade_basic, sprint_mu_crypt_chambers,
          sprint_mu_tomb_spiral, sprint_mu_vestibule_basic,
          sprint_mu_gehenna_hellfire, sprint_mu_dis_giant,
          sprint_mu_tartarus_statrot, sprint_mu_cocytus_islands, sprint_mu_zot1]

Skill      XL: |  1  2  3  4 |
---------------+-------------+-----
Fighting       | 4 5 6 |  6.5
Armour         | 4 5 6 |  6.9
Shields        | 4 5 6 |  6.1
Maces & Flails | 3 4 |  4.5

Action                   |  1- 3 |  4- 6 || total
-------------------------+-------+-------++-------
Melee: Flail             |    34 |    13 ||    47
  Use: Potion            |     2 |     1 ||     3
Armor: Scale mail        |     9 |     4 ||    13
Dodge: Dodged            |    16 |     6 ||    22
Block: Buckler           |     5 |     5 ||    10

Table legend: (Time is in decaauts)
 A = Elapsed time spent in this place.
 B = Non-inter-level travel time spent in this place.
 C = Inter-level travel time spent in this place.
 D = Time resting spent in this place.
 E = Time spent auto-exploring this place.
 F = Levels seen in this place.
 G = Mean time per level.
                   A        B        C        D        E       F      G
               +--------+--------+--------+--------+--------+-----+--------+
         Total |    436 |    436 |      0 |    277 |     25 |   1 |  436.0 |
       Dungeon |    436 |    436 |      0 |    277 |     25 |   1 |  436.0 |
               +--------+--------+--------+--------+--------+-----+--------+

Top non-repeatable levels by time:
       D: 436 daAuts
